 Dungeon Crawl Stone Soup version 0.20.1-1-g8b1a95d (webtiles) character file.

35 HuneSparrow the Skirmisher (level 3, -13/29 HPs)
             Began as a Demonspawn Fighter on July 31, 2017.
             Killed by divine providence
             ... invoked by an orc priest
              (16 damage)
             ... on level 4 of the Dungeon.
             The game lasted 00:02:21 (1220 turns).

HuneSparrow the Skirmisher (Demonspawn Fighter)     Turns: 1220, Time: 00:02:22

Health: -13/29     AC: 10    Str: 17    XL:     3   Next: 16%
Magic:  3/3        EV:  7    Int:  9    God:
Gold:   50         SH:  9    Dex: 12    Spells: 2/2 levels left

rFire    . . .     SeeInvis .   a - +0 long sword
rCold    . . .     Gourm    .   c - +0 shield
rNeg     . . .     Faith    .   b - +0 scale mail
rPois    .         Spirit   .   (no helmet)
rElec    .         Reflect  .   m - +2 cloak
rCorr    .         Harm     .   (no gloves)
MR       .....                  (no boots)
Stlth    ..........             (no amulet)
Regen    0.1/turn               (no ring)
MPRegen  0.1/turn               (no ring)

@: no status effects
A: claws 1, rugged brown scales 1
a: no special abilities


You were on level 4 of the Dungeon.
You were not hungry.

You visited 1 branch of the dungeon, and saw 3 of its levels.

You collected 50 gold pieces.

Inventory:

Hand Weapons
 a - a +0 long sword (weapon)
Armour
 b - a +0 scale mail (worn)
 c - a +0 shield (worn)
 m - a +2 cloak (worn)
Scrolls
 g - 2 scrolls of teleportation {unknown}
 j - a scroll of random uselessness {unknown}
 l - 2 scrolls of enchant weapon {unknown}
 n - a scroll of remove curse {unknown}
 o - a scroll of recharging {unknown}
 p - a scroll of identify {unknown}
 r - a scroll of magic mapping {unknown}
Potions
 d - 2 potions of might
 e - a potion of heal wounds {unknown}
 h - a potion of mutation {unknown}
 k - 2 potions of haste {unknown}
 q - a potion of invisibility {unknown}
Comestibles
 f - a bread ration
 i - a meat ration
 s - a chunk of flesh


   Skills:
 + Level 3.1 Fighting
 * Level 2.4 Long Blades
 + Level 2.9 Armour
 + Level 3.1 Shields


You had 2 spell levels left.
You didn't know any spells.

Dungeon Overview and Level Annotations

Branches:
Dungeon (2/15)

Altars:
Nemelex Xobeh
Sif Muna

Annotations:
D:4 Menkaure


Innate Abilities, Weirdness & Mutations

You have sharp fingernails.
You are partially covered in rugged brown scales. (AC +1, +3% HP)


Message History

The orc throws a tomahawk.
The tomahawk hits you but does no damage.
Found a stone staircase leading down.
The orc priest miscasts a cantrip.
An orc comes into view. It is wielding a flail.
The orc shouts!
The orc priest calls down the wrath of Beogh upon you.
Beogh smites you!
* * * LOW HITPOINT WARNING * * *
An orc and Menkaure come into view.
Menkaure shouts!
The orc shouts!
You block the orc's attack.
There is a stone staircase leading down here.
You can't go up here!
Menkaure mumbles some strange words.
Menkaure seems to speed up.
You block the orc's attack.
The orc priest invokes the aid of Beogh against you.
Beogh smites you!
Ouch! That really hurt!
You die...

..# ..## #..###
....# #.... #....
##### ####.(#
###...#####...[.#
#@ol..o.........##
##o.o.............#
#.o.##########....#
#...## ##....
#o..## ##... #....
#... .....# ##..
M.... .. ..... .(


You could see Menkaure, an orc priest, 5 orcs and a frilled lizard.

Vanquished Creatures
  An adder (D:2)
  A worm (D:2)
  A leopard gecko (D:2)
  3 giant cockroaches (D:2)
  2 hobgoblins (D:2)
  A ball python (D:2)
  2 bats (D:1)
  2 frilled lizards
  2 goblins (D:1)
  2 kobolds
  7 rats
24 creatures vanquished.

Notes
Turn   | Place    | Note
-------+----------+-------------------------------------------
     0 | D:1      | HuneSparrow the Demonspawn Fighter began the quest for the Orb.
     0 | D:1      | Reached XP level 1. HP: 18/18 MP: 1/1
   659 | D:1      | Gained mutation: You have sharp fingernails. [demonic ancestry]
   659 | D:1      | Reached XP level 2. HP: 24/24 MP: 2/2
  1148 | D:2      | Found a sparkling altar of Nemelex Xobeh.
  1149 | D:2      | Found a deep blue altar of Sif Muna.
  1186 | D:2      | Gained mutation: You are partially covered in rugged brown scales. (AC +1, +3% HP) [demonic ancestry]
  1186 | D:2      | Reached XP level 3. HP: 20/29 MP: 3/3
  1200 | D:2      | You fall through a shaft for 2 floors!
  1218 | D:4      | Noticed Menkaure
  1220 | D:4      | Killed from afar by an orc priest

Skill      XL: |  1  2 |
---------------+-------+-----
Shields        | 3 |  3.1
Long Blades    | 2 |  2.4
Fighting       | |  3.1
Armour         | |  2.9

Action                   || total
-------------------------++-------
Melee: Long sword        ||   110
  Eat: Chunk             ||     1
Armor: Scale mail        ||    80
Dodge: Dodged            ||    29
Block: Shield            ||    67
       Rpst.: Long sword ||     9
